 Dungeon Crawl Stone Soup version 0.19-a0-742-g4563caa (webtiles) character file.

102 tyrsky the Skirmisher (level 4, -2/29 HPs)
             Began as a Tengu Monk on June 23, 2016.
             Slain by an iguana (14 damage)
             ... on level 4 of the Dungeon.
             The game lasted 00:03:35 (1788 turns).

tyrsky the Skirmisher (Tengu Monk)                  Turns: 1788, Time: 00:03:36

Health: -2/29      AC:  3    Str: 12    XL:     4   Next: 77%
Magic:  5/5        EV: 14    Int: 10    God:
Gold:   137        SH:  0    Dex: 17    Spells: 0 memorised, 3 levels left

rFire  . . .     SeeInvis .       - Unarmed
rCold  . . .     Gourm    .     a - +0 robe
rNeg   . . .     Faith    .     (no shield)
rPois  .         Spirit   .     (helmet restricted)
rElec  .         Dismiss  .     f - +0 cloak
rCorr  .         Reflect  .     (no gloves)
SustAt .         Harm     .     (boots unavailable)
MR     .....                    (no amulet)
Stlth  +++.......               (no ring)
                                (no ring)

@: lethally poisoned (-2 -> -4), not resistant to hostile enchantments, fairly
stealthy
A: beak, talons 3
a: no special abilities


You were on level 4 of the Dungeon.
You were not hungry.

You visited 1 branch of the dungeon, and saw 4 of its levels.

You collected 137 gold pieces.

Inventory:

Armour
 a - a +0 robe (worn)
 f - a +0 cloak (worn)
Scrolls
 c - a scroll of immolation {unknown}
 d - 2 scrolls of remove curse {unknown}
 g - a scroll of magic mapping {unknown}
 i - a scroll of teleportation {unknown}
 j - a scroll of random uselessness {unknown}
 k - a scroll of amnesia {unknown}
 l - 4 scrolls of identify {unknown}
 n - a scroll of fear {unknown}
Potions
 e - a potion of lignification {unknown}
 h - 2 potions of heal wounds {unknown}
 q - a potion of degeneration {unknown}
 r - a potion of mutation {unknown}
Comestibles
 b - 7 bread rations
 o - 3 fruits
 p - a beef jerky


   Skills:
 + Level 3.9 Fighting
 - Level 3.2 Dodging
 * Level 3.9 Stealth
 + Level 3.8 Unarmed Combat


You had 3 spell levels left.
You didn't know any spells.

Dungeon Overview and Level Annotations

Branches:
Dungeon (4/15)
 Temple: D:4-7

Altars:

Annotations:
D:3 Grinder


Innate Abilities, Weirdness & Mutations

You have a beak for a mouth.
You have claws for feet.


Message History

You are too injured to fight recklessly!
You are too injured to fight recklessly!
You are too injured to fight recklessly!
You are too injured to fight recklessly!
You are too injured to fight recklessly!
You are too injured to fight recklessly!
You are too injured to fight recklessly!
You are too injured to fight recklessly!
You are too injured to fight recklessly!
Sorry, you're not good enough to have a special ability.
You closely miss the iguana. You claw the iguana, but do no damage.
You peck the iguana, but do no damage.
The iguana is moderately wounded.
The iguana bites you!
* * * LOW HITPOINT WARNING * * *
You hit the iguana. Your kick misses the iguana.
You peck the iguana, but do no damage.
The iguana is moderately wounded.
The iguana bites you!
You die...

.. ... .. ... ..
... ...##. ..#
......# #.####
....... ../..
#......####.#.##
..........?.#..###
.....#.#..l.....#
... #.+<.Q†....# #
###........#
#........#
########.# .. #


You could see an iguana.

Vanquished Creatures
  5 adders
  2 worms (D:2)
  2 dart slugs
  3 giant geckos
  2 giant cockroaches (D:2)
  9 goblins
  7 hobgoblins
  5 bats
  3 giant newts
  3 kobolds
  6 rats
47 creatures vanquished.

Notes
Turn   | Place    | Note
--------------------------------------------------------------
     0 | D:1      | tyrsky the Tengu Monk began the quest for the Orb.
     0 | D:1      | Reached XP level 1. HP: 14/14 MP: 2/2
   221 | D:1      | Reached XP level 2. HP: 19/19 MP: 3/3
   794 | D:2      | Reached XP level 3. HP: 12/23 MP: 4/4
  1121 | D:2      | Reached XP level 4. HP: 24/29 MP: 5/5
  1683 | D:3      | Noticed Grinder
  1690 | D:3      | Paralysed by Grinder for 5 turns
  1767 | D:3      | You fall through a shaft!
  1788 | D:4      | Slain by an iguana

Vault maps used:
D:1:      tarquinn_simple_flora_water_f
D:2:      first_bread, minmay_misc_feat_tiny
D:3:      uniq_grinder, uniq_iyjb
D:4:      kennysheep_little_box

Skill      XL: |  1  2 |
---------------+-------+-----
Stealth        | 3 |  3.9
Fighting       | |  3.9
Dodging        | |  3.2
Unarmed Combat | |  3.8

Action                   |  1- 3 |  4- 6 || total
-------------------------+-------+-------++-------
Melee: Unarmed           |    72 |    47 ||   119
       Kick              |    20 |    18 ||    38
       Peck              |    11 |    10 ||    21
       Punch             |     2 |     1 ||     3
 Stab: Sleeping          |     8 |     1 ||     9
  Eat: Chunk             |       |     3 ||     3
Armor: Robe              |     5 |     7 ||    12
Dodge: Dodged            |    34 |    32 ||    66
